AoeStats
← Ramses der Barmherzige 222

Arena

509217500Analyzed
4v4 RM · 8d ago on Sep 25, 2026· 10m 53s· 8 players
Game mode
Random Map
Map size
Large (8 player)
Population
200
Speed
Normal
Resources
Standard
Victory
Conquest
Starting age
Dark Age
Ending age
Imperial Age
RankedLock teamsTeams togetherTeam positionsShared explorationLock speedFull tech treeHidden civsTurbo modeCheats
Victory
Defeat
817
+15
🇨🇱 Cumans · Chile
798
+16
🇧🇷 Tupi · Brazil
792
+16
🇮🇩 Celts · Indonesia
705
+19
811
-17
🇺🇸 Britons · United States
810
-17
🇹🇷 Bulgarians · Türkiye
785
-16
🇹🇼 Goths · Taiwan
780
-16
xxyvonnederful
11:01 Feudal Age
Ramses der Barmherzige 222
1:43 Loom
12:19 Feudal Age
你媽
MHPL
0:29 Loom
11:39 Feudal Age
Shalashaska
0:45 Loom
10:47 Feudal Age
セバスティアン
5:18 Loom
9:37 Feudal Age
FILIPINA BACOT
0:32 Loom
Galo-Cego
4:23 Loom
Connection lost

Rejoining the realm…

Still unreachable

The connection could not be restored.

Session expired

The server has moved on; the page needs a fresh start.